Map: [ESL] Alcyone

Players

msrm

  • Race: Zerg Zerg
  • League: Master
  • Spawn Location: 7:00

Geralt (Gerald) - Winner!

  • Race: Protoss Protoss
  • League: Master
  • Spawn Location: 1:00

Event: Bellum Gens Elite Stara Zagora 2024

VOD

Have the link to the VOD?

Description

Time

  • Played on: Sept. 6, 2024, 10:13 a.m.
  • Length: 7:50

All games in this series

Show
View Real Time Build Order
Export as new Build Order

msrm Zerg 

Build Orders: Hatch First 

Get SALT Encoding   

  12  0:00  Drone  
  13  0:08  Drone  
  14  0:14  Drone, Extractor  
  15  0:36  Hatchery  
  15  0:42  Extractor  
  13  0:43  Drone  
  13  0:47  Overlord  
  15  1:05  Spawning Pool  
  15  1:06  Drone  
  15  1:10  Drone  
  16  1:15  Drone  
  17  1:26  Drone  
  17  1:29  Extractor  
  17  1:31  Drone  
  18  1:45  Drone  
  19  1:52  Queen x2  
  19  1:53  Zergling x2  
  24  1:54  Drone  
  25  2:04  Drone x2  
  27  2:11  Drone  
  27  2:13  Overlord  
  28  2:33  Queen, Metabolic Boost  
  28  2:34  Queen  
  28  2:37  Drone  
  33  2:40  Drone  
  33  2:44  Drone  
  35  2:47  Drone  
  36  2:54  Overlord  
  36  2:56  Overlord  
  36  3:13  Lair  
  36  3:16  Drone x2  
  36  3:17  Drone x5  
  36  3:19  Drone  
  44  3:28  Drone x2  
  44  3:32  Extractor  
  44  3:33  Extractor  
  44  3:36  Drone x4  
  44  3:37  Drone  
  49  3:44  Overlord  
  49  3:45  Drone  
  49  3:46  Drone  
  51  3:53  Zergling x2  
  52  3:56  Overlord  
  44  4:10  Drone x2  
  44  4:11  Drone x2  
  44  4:16  Hydralisk Den  
  44  4:17  Drone x5  
  51  4:25  Hatchery  
  50  4:33  Drone  
  50  4:34  Drone x3, Extractor  
  52  4:39  Drone  
  52  4:40  Overlord  
  50  4:48  Drone  
  50  4:49  Drone x2  
  50  4:50  Muscular Augments  
  49  5:01  Drone x5  
  53  5:15  Overlord  
  53  5:16  Overlord  
  53  5:23  Hydralisk  
  53  5:24  Hydralisk x4  
  62  5:32  Hydralisk x2  
  61  5:44  Hydralisk x3  
  67  5:51  Hydralisk  
  67  5:53  Zergling x2  
  67  5:54  Grooved Spines  
  70  6:02  Zergling x2  
  70  6:03  Zergling x8  
  74  6:14  Hydralisk x2  
  74  6:15  Hydralisk  
  80  6:24  Overlord x2  
  78  6:38  Hydralisk x2  
  82  6:41  Overlord  
  82  6:48  Zergling x4  
  82  6:49  Zergling x12  
  84  7:00  Hydralisk  
  70  7:11  Hydralisk x2  
  62  7:17  Hydralisk  
  62  7:18  Zergling x2  
  62  7:21  Zergling x2  
Show
View Real Time Build Order
Export as new Build Order

Geralt Protoss - Winner!

Build Orders: 1 Gate Expand, Oracle Opening 

Get SALT Encoding   

  12  0:00  Probe  
  13  0:12  Probe  
  14  0:20  Pylon  
  14  0:24  Probe  
  15  0:38  Probe (Chrono Boost)  
  15  0:42  Gateway  
  16  0:49  Probe (Chrono Boost)  
  17  0:52  Assimilator  
  17  0:54  Probe (Chrono Boost)  
  18  1:05  Probe  
  19  1:17  Probe  
  20  1:25  Nexus  
  20  1:29  Probe  
  21  1:39  Cybernetics Core  
  21  1:41  Probe  
  22  1:48  Assimilator  
  22  1:54  Pylon  
  22  1:55  Probe  
  23  2:12  Adept (Chrono Boost), Probe  
  26  2:24  Probe  
  26  2:25  Stargate  
  27  2:33  Adept (Chrono Boost)  
  29  2:37  Probe  
  29  2:38  Warp Gate, Probe  
  31  2:49  Probe  
  31  2:50  Probe  
  33  2:57  Adept  
  35  3:01  Probe  
  35  3:03  Probe  
  37  3:07  Oracle (Chrono Boost)  
  40  3:13  Probe  
  40  3:16  Probe  
  40  3:17  Pylon  
  42  3:24  Gateway  
  42  3:25  Probe  
  43  3:28  Probe  
  44  3:36  Stalker  
  44  3:38  Probe  
  44  3:40  Probe  
  48  3:43  Pylon  
  48  3:46  Oracle (Chrono Boost)  
  48  3:47  Gateway  
  48  3:54  Gateway  
  51  3:56  Probe  
  48  4:12  Probe x2  
  50  4:19  Nexus  
  50  4:23  Twilight Council  
  50  4:24  Probe  
  50  4:26  Probe  
  50  4:30  Assimilator  
  52  4:36  Probe  
  52  4:38  Probe  
  54  4:41  Stalker x2  
  58  4:48  Probe  
  59  4:53  Probe  
  59  4:55  Blink (Chrono Boost)  
  59  4:56  Shield Battery  
  59  4:58  Pylon  
  59  5:01  Forge  
  59  5:04  Pylon  
  59  5:05  Stalker  
  61  5:09  Pylon  
  61  5:11  Probe  
  61  5:14  Assimilator  
  62  5:17  Probe  
  62  5:20  Pylon  
  63  5:30  Stalker x3  
  63  5:31  Stalker  
  72  5:35  Probe x2  
  72  5:36  Probe  
  74  5:47  Probe x2  
  74  5:48  Robotics Facility  
  74  5:49  Probe  
  77  5:59  Probe  
  77  6:00  Stalker, Probe  
  77  6:01  Probe  
  77  6:02  Pylon  
  82  6:08  Stalker  
  82  6:09  Stalker  
  86  6:12  Probe x2  
  86  6:13  Probe  
  89  6:24  Pylon, Probe x2  
  89  6:25  Probe  
  92  6:31  Photon Cannon  
  92  6:32  Photon Cannon  
  92  6:33  Shield Battery  
  92  6:35  Stalker x2  
  92  6:36  Probe  
  92  6:39  Robotics Bay  
  95  6:44  Pylon  
  95  6:46  Probe x2  
  97  6:50  Stalker x2  
  101  6:56  Photon Cannon  
  102  7:01  Probe  
  102  7:02  Immortal (Chrono Boost)  
  102  7:04  Stalker x2  
  108  7:10  Probe  
  104  7:19  Probe  
  104  7:22  Pylon  
  101  7:26  Gateway x2, Stalker x2  
  105  7:32  Gateway  
  105  7:34  Probe  
  105  7:36  Photon Cannon  
  112  7:37  Shield Battery  
  112  7:39  Zealot x2  
Tags
 
Add a new tag
Caveats
  • Supply blocks, unpowered buildings, or Contaminate may cause inaccurate times.
  • Supply counts are checked every 10 seconds.